 Dungeon Crawl Stone Soup version 0.29.1-15-g9cfb28693d (webtiles) character file.

Game seed: 1474353401297474716

242 growler the Insei (level 6, -6/43 HPs)
             Began as a Merfolk Transmuter on Mar 23, 2023.
             Was an Initiate of Wu Jian.
             Splashed by a jelly's acid (7 damage)
             ... on level 4 of the Dungeon.
             The game lasted 00:08:46 (4089 turns).

growler the Insei (Merfolk Transmuter)              Turns: 4089, Time: 00:08:47

Health: -6/43      AC:  1    Str: 14    XL:     6   Next: 9%
Magic:  9/10       EV: 12    Int: 14    God:    Wu Jian [......]
Gold:   149        SH:  0    Dex: 14    Spells: 1/11 levels left

rFire   . . .      SeeInvis .     - Unarmed
rCold   + . .      Faith    .   (no shield)
rNeg    . . .      Spirit   .   q - +1 robe of Ru's Scorn {rC+ Str+3}
rPois   .          Reflect  .   (helmet currently unavailable)
rElec   .          Harm     .   l - +0 cloak
rCorr   .          Rampage  .   v - +0 pair of gloves
Will    .....                   (boots currently unavailable)
Stlth   +.........              (no amulet)
HPRegen 0.14/turn               (no ring)
MPRegen 0.12/turn               (no ring)

@: appendages (expiring), corroded, invisible
A: horns 2, (nimble swimmer 2), mertail
a: End Transformation, Renounce Religion


You were on level 4 of the Dungeon.
You worshipped Wu Jian.
Wu Jian was noncommittal.
You had temporarily grown beastly horns.
You visited 2 branches of the dungeon, and saw 5 of its levels.

You collected 149 gold pieces.

Inventory:

Armour
 a - a +0 robe
 l - a +0 cloak (worn)
 m - a +0 pair of boots (melded)
 q - the +1 robe of Ru's Scorn (worn) {rC+ Str+3}
   (You found it on level 3 of the Dungeon)

   Str:       It affects your strength (+3).
   rC:        It protects you from cold.
 v - a +0 pair of gloves (worn)
Jewellery
 o - a ring of wizardry
Wands
 t - a wand of flame (25)
Scrolls
 b - a scroll of poison {unknown}
 d - 3 scrolls of torment {unknown}
 e - 2 scrolls of summoning {unknown}
 f - a scroll of fear {unknown}
 g - a scroll of noise {unknown}
 h - a scroll of acquirement {unknown}
 i - a scroll of vulnerability {unknown}
 j - a scroll of immolation {unknown}
 k - 5 scrolls of identify {unknown}
 p - 2 scrolls of fog {unknown}
 r - a scroll of teleportation {unknown}
 u - a scroll of blinking {unknown}
Potions
 n - 2 potions of curing
 s - a potion of might {unknown}


   Skills:
 - Level 1.1 Fighting
 - Level 2.6 Dodging
 + Level 6.2 Unarmed Combat
 - Level 3.0 Spellcasting
 - Level 4.0 Transmutations


You had one spell level left.
You knew the following spells:

 Your Spells              Type           Power      Damage    Failure   Level
a - Beastly Appendage     Tmut           26%        N/A       4%          1
b - Wereblood             Tmut           13%        N/A       6%          2
c - Spider Form           Tmut/Pois      7%         N/A       28%         3
d - Ice Form              Ice/Tmut       7%         N/A       67%         4

Your spell library contained the following spells:

 Spells                   Type           Power      Damage    Failure   Level
 Magic Dart               Conj           8%         1d3       22%         1
 Slow                     Hex            8%         N/A       22%         1
 Summon Small Mammal      Summ           8%         N/A       22%         1
 Call Imp                 Summ           2%         N/A       32%         2
 Call Canine Familiar     Summ           2%         N/A       54%         3
 Confusing Touch          Hex            2%         N/A       54%         3
 Frozen Ramparts          Ice            4%         1d1       54%         3
 Mephitic Cloud           Conj/Pois/Air  2%         N/A       54%         3
 Summon Guardian Golem    Hex/Summ       2%         N/A       54%         3
 Vampiric Draining        Necr           2%         2d6       54%         3
 Summon Ice Beast         Ice/Summ       2%         N/A       91%         4


Dungeon Overview and Level Annotations

Branches:
Dungeon (4/15)             Temple (1/1) D:4

Altars:
Ashenzari
Dithmenos
Elyvilon
Fedhas
Gozag
Hepliaklqana
Kikubaaqudgha
Qazlal
Ru
Sif Muna
Wu Jian
Xom
Yredelemnul
Zin

Shops:
D:2 ?


Innate Abilities, Weirdness & Mutations

You have temporarily grown beastly horns.
((You are very nimble when in or above water. (Stealth+, EV+, Speed+++)))
Your lower body shifts to a powerful aquatic tail in water.


Message History

You barely miss the kobold. The kobold hits you but does no damage.
You punch the kobold!
You kill the kobold!
The Council accepts your kill.
Your transformation is almost over.
Things that are here:
a +0 dagger; a kobold corpse Magic restored.
Your horns disappear.
Your +0 pair of boots unmelds from your body.
A jelly comes into view.
The jelly quivers.
Casting: Beastly Appendage (safe; 4% risk of failure)
Confirm with . or Enter, or press ? or * to list all spells.
You grow a pair of large bovine horns.
Your +0 pair of boots melds into your body.
Your transformation is almost over.
You barely miss the jelly. The jelly completely misses you.
You hit the jelly.
Your hands burn!
The jelly is lightly wounded.
The jelly hits you but does no damage.
You hit the jelly. The acid corrodes you!
Your hands burn!
The jelly is heavily wounded.
The jelly hits you.
You are splashed with acid.
* * * LOW HITPOINT WARNING * * *
You hit the jelly but do no damage.
Your hands burn!
* * * LOW HITPOINT WARNING * * *
You headbutt the jelly, but do no damage.
You punch the jelly, but do no damage.
The jelly is heavily wounded.
The jelly hits you.
* * * LOW HITPOINT WARNING * * *
The acid corrodes you!
You are splashed with acid!
* * * LOW HITPOINT WARNING * * *
Unknown command.
You fade into invisibility!
The jelly hits you.
* * * LOW HITPOINT WARNING * * *
You are splashed with acid!
You die...

#...#.......#...#....#.#.
....##.....##...#...#.#.#
....##.....##...#....#.>.
.....#.....#........#.#.#
................#....#.#.
........)......#......#.#
.......).................
.............#.#.....###.
........@...##.#.....# ##
........J......#.....#
.......#.#..##.#.########
......##.##..#.#.........
...?.##...##.....########
##..##.#.#.##..#.# #.....
####....##K.#.#..##...#
#.#.## .....).##.#.#.#
#.##..# #.#...
.......#.##.#.# #.#.##
#.....


You could see a jelly.

Vanquished Creatures
  A scorpion (D:4)
  A howler monkey (D:4)
  A hound (D:4)
  4 adders
  A gnoll (D:1)
  2 worms (D:3)
  A dart slug (D:4)
  6 orcs
  5 endoplasms
  A giant cockroach (D:1)
  5 goblins
  7 hobgoblins
  2 jackals (D:4)
  4 kobolds
  5 quokkas
  3 ball pythons
  5 bats
  2 frilled lizards
  4 rats
60 creatures vanquished.

Vanquished Creatures (others)
  6 fungi (D:4)
  4 toadstools (D:4)
10 creatures vanquished.

Grand Total: 70 creatures vanquished

Notes
Turn   | Place    | Note
-------+----------+-------------------------------------------
     0 | D:1      | growler the Merfolk Transmuter began the quest for the Orb.
     0 | D:1      | Reached XP level 1. HP: 15/15 MP: 3/3
    73 | D:1      | Reached XP level 2. HP: 19/21 MP: 5/5
    81 | D:1      | Learned a level 2 spell: Wereblood
   316 | D:1      | Found a faded altar of an unknown god.
   958 | D:1      | Reached XP level 3. HP: 26/26 MP: 3/6
   962 | D:1      | Learned a level 3 spell: Spider Form
  1514 | D:2      | Reached skill level 4 in Unarmed Combat
  2138 | D:2      | Found Xamomaly's Magic Scroll Shop.
  2267 | D:3      | Reached XP level 4. HP: 32/32 MP: 6/8
  2653 | D:3      | Identified the +1 robe of Ru's Scorn {rC+ Str+3}
  3427 | D:4      | Found a staircase to the Ecumenical Temple.
  3447 | Temple   | Entered the Ecumenical Temple
  3566 | Temple   | Became a worshipper of the Wu Jian Council
  3607 | D:4      | Reached XP level 5. HP: 37/37 MP: 7/9
  3629 | D:4      | Learned a level 4 spell: Ice Form
  3710 | D:4      | Reached skill level 5 in Unarmed Combat
  3989 | D:4      | Reached skill level 6 in Unarmed Combat
  3989 | D:4      | Reached XP level 6. HP: 15/43 MP: 10/10
  4088 | D:4      | HP: 2/43 [acid (7)]
  4089 | D:4      | Splashed by a jelly's acid

Illustrated notes

Levels and vault maps discovered:
D:1:      tarquinn_simple_flora_water_c, layout_loops_ring,
          ebering_ecumenical_altar_petrified
D:2:      layout_loops_ring, serial_shops, nicolae_shop_trees
D:3:      layout_loops_ring, minmay_fractal_squares_gapless_5
D:4:      cheibrodos_old_hovel, layout_basic, minmay_temple_entry_grid,
          corner_web_ring, dk_noncrumbling_4, minmay_gold_behind_fungi,
          minmay_parallelograms, interstate_on_off, minmay_puff, uniq_pikel
Temple:   eino_temple_water

Skill      XL: |  1  2  3  4  5 |
---------------+----------------+-----
Transmutations | 3 4 |  4.0
Unarmed Combat | 4 6 |  6.2
Spellcasting   | 3 |  3.0
Fighting       | |  1.1
Dodging        | |  2.6

Action                   |  1- 3 |  4- 6 || total
-------------------------+-------+-------++-------
Melee: Unarmed           |    94 |   106 ||   200
       Headbutt          |    10 |    19 ||    29
       Punch             |     2 |     3 ||     5
 Cast: Beastly Appendage |    21 |    21 ||    42
       Wereblood         |       |     1 ||     1
Invok: Lunge             |       |     3 ||     3
  Use: Potion            |     3 |     2 ||     5
 Stab: Sleeping          |     1 |     1 ||     2
Armor: Robe              |    16 |    17 ||    33
       Skin              |     4 |       ||     4
Dodge: Dodged            |    64 |    56 ||   120
